% Time on Ice - LONG BEACH BARACUDAS
Lines # - Real PCT - Wanted PCT - Time Play
Normal Forward
1 - 41% - 36% - 15:56
2 - 31% - 31% - 12:17
3 - 22% - 23% - 8:30
4 - 7% - 10% - 2:35
Normal Defense
1 - 35% - 36% - 13:40
2 - 31% - 31% - 12:19
3 - 28% - 23% - 11:06
4 - 6% - 10% - 2:13
PP Forward
1 - 54% - 55% - 5:47
2 - 46% - 45% - 5:00
PP Defense
1 - 55% - 55% - 5:58
2 - 45% - 45% - 4:49
PK Forward
1 - 64% - 55% - 5:06
2 - 36% - 45% - 2:50
PK Defense
1 - 56% - 55% - 4:25
2 - 44% - 45% - 3:31
PK3 Forward
1 - 0% - 55%
2 - 0% - 45%
PK3 Defense
1 - 0% - 55%
2 - 0% - 45%
44 Forward
1 - 45% - 55% - 0:53
2 - 55% - 45% - 1:06
44 Defense
1 - 100% - 55% - 1:59
2 - 0% - 45% - 0:00
Last Minute Offensive  - 0:00
Last Minute Defensive  - 0:00
Total
Forward - 60:00
Defense - 60:00
% Time on Ice - BOISE CARIBOUS
Lines # - Real PCT - Wanted PCT - Time Play
Normal Forward
1 - 39% - 37% - 15:14
2 - 25% - 27% - 9:40
3 - 27% - 27% - 10:45
4 - 9% - 9% - 3:39
Normal Defense
1 - 36% - 37% - 14:16
2 - 33% - 36% - 13:07
3 - 30% - 27% - 11:55
4 - 0% - 0% - 0:00
PP Forward
1 - 53% - 55% - 4:14
2 - 47% - 45% - 3:42
PP Defense
1 - 63% - 55% - 5:00
2 - 37% - 45% - 2:56
PK Forward
1 - 60% - 55% - 5:49
2 - 40% - 45% - 3:56
PK Defense
1 - 50% - 55% - 4:50
2 - 50% - 45% - 4:55
PK3 Forward
1 - 84% - 55% - 0:52
2 - 16% - 45% - 0:10
PK3 Defense
1 - 84% - 55% - 0:52
2 - 16% - 45% - 0:10
44 Forward
1 - 62% - 55% - 1:14
2 - 38% - 45% - 0:45
44 Defense
1 - 38% - 55% - 0:45
2 - 62% - 45% - 1:14
Last Minute Offensive  - 0:00
Last Minute Defensive  - 0:00
Total
Forward - 60:00
Defense - 60:00
Play-by-Play 1st period 0:01 of 1st period - Charlie Coyle wins face-off versus Brock Nelson in neutral zone. 1:27 of 1st period - Shot by Danton Heinen. 1:27 of 1st period - Shot Misses the Net. 2:07 of 1st period - Shot by Brock McGinn. 2:07 of 1st period - Stopped by Antti Raanta with a rebound. 2:17 of 1st period - Minor Penalty to Brock McGinn for Roughing. 2:18 of 1st period - Charlie Coyle wins face-off versus Derek Stepan in LONG BEACH BARACUDAS zone. 2:53 of 1st period - Shot by Nick Schmaltz. 2:53 of 1st period - Stopped by Martin Jones without a rebound. 2:54 of 1st period - Nolan Patrick wins face-off versus Tim Stutzle in LONG BEACH BARACUDAS zone. 3:00 of 1st period - Icing by Danton Heinen. 3:01 of 1st period - Tim Stutzle wins face-off versus Nolan Patrick in BOISE CARIBOUS zone. 4:03 of 1st period - Icing by Charlie Coyle. 4:04 of 1st period - Charlie Coyle wins face-off versus Derek Stepan in BOISE CARIBOUS zone. 4:15 of 1st period - Shot by Moritz Seider. 4:15 of 1st period - Shot Blocked by Jared Spurgeon. 4:25 of 1st period - Shot by Jesperi Kotkaniemi. 4:25 of 1st period - Stopped by Martin Jones without a rebound. 4:26 of 1st period - Jean-Gabriel Pageau wins face-off versus Seth Jarvis in LONG BEACH BARACUDAS zone. 5:31 of 1st period - Minor Penalty to Charlie Coyle for Interference. 5:31 of 1st period - Minor Penalty to Ryan Murray for Interference. 5:32 of 1st period - Nolan Patrick wins face-off versus Jean-Gabriel Pageau in LONG BEACH BARACUDAS zone. 6:30 of 1st period - Alex Pietrangelo is hit by Nick Schmaltz and loses puck. 7:39 of 1st period - Off-side. 7:40 of 1st period - Tim Stutzle wins face-off versus William Karlsson in neutral zone. 8:00 of 1st period - Shot by Arthur Kaliyev. 8:00 of 1st period - Shot Blocked by Dylan DeMelo. 8:02 of 1st period - Shot by William Karlsson. 8:02 of 1st period - Goal by William Karlsson - LONG BEACH BARACUDAS : 1 - BOISE CARIBOUS : 0. 8:03 of 1st period - Charlie Coyle wins face-off versus Seth Jarvis in neutral zone. 8:30 of 1st period - Shot by Brock Nelson. 8:30 of 1st period - Stopped by Antti Raanta with a rebound. 9:38 of 1st period - Shot by Nicklas Backstrom. 9:38 of 1st period - Deflect By Brock McGinn. 9:38 of 1st period - Shot Misses the Net. 9:40 of 1st period - Shot by Brock McGinn. 9:40 of 1st period - Stopped by Antti Raanta without a rebound. 9:41 of 1st period - Jean-Gabriel Pageau wins face-off versus Nicklas Backstrom in BOISE CARIBOUS zone. 10:45 of 1st period - Icing by Oliver Kylington. 10:46 of 1st period - William Karlsson wins face-off versus Jean-Gabriel Pageau in BOISE CARIBOUS zone. 10:49 of 1st period - Shot by Craig Smith. 10:49 of 1st period - Shot Misses the Net. 11:06 of 1st period - Minor Penalty to Oliver Kylington for High sticking. 11:07 of 1st period - Brock Nelson wins face-off versus Jesperi Kotkaniemi in BOISE CARIBOUS zone. 11:08 of 1st period - Shot by Nicklas Backstrom. 11:08 of 1st period - Stopped by Antti Raanta with a rebound. 11:48 of 1st period - Icing by Seth Jarvis. 11:49 of 1st period - Brock Nelson wins face-off versus Jesperi Kotkaniemi in LONG BEACH BARACUDAS zone. 12:06 of 1st period - Shot by Jean-Gabriel Pageau. 12:06 of 1st period - Shot Misses the Net. 12:54 of 1st period - Icing by P.K. Subban. 12:55 of 1st period - Zach Parise wins face-off versus William Karlsson in LONG BEACH BARACUDAS zone. 13:08 of 1st period - Andre Burakovsky is hit by Boris Katchouk and loses puck. 13:22 of 1st period - Icing by Jared Spurgeon. 13:23 of 1st period - Derek Stepan wins face-off versus Charlie Coyle in LONG BEACH BARACUDAS zone. 13:32 of 1st period - Shot by Robert Fabbri. 13:32 of 1st period - Stopped by Antti Raanta without a rebound. 13:33 of 1st period - William Karlsson wins face-off versus Tim Stutzle in BOISE CARIBOUS zone. 14:23 of 1st period - Icing by William Karlsson. 14:24 of 1st period - Charlie Coyle wins face-off versus William Karlsson in LONG BEACH BARACUDAS zone. 14:25 of 1st period - Shot by Andre Burakovsky. 14:25 of 1st period - Shot Misses the Net. 14:27 of 1st period - Shot by Charlie Coyle. 14:27 of 1st period - Stopped by Martin Jones without a rebound. 14:28 of 1st period - Charlie Coyle wins face-off versus Brock Nelson in LONG BEACH BARACUDAS zone. 14:43 of 1st period - Shot by Brock Nelson. 14:43 of 1st period - Stopped by Antti Raanta with a rebound. 15:02 of 1st period - Icing by Nick Schmaltz. 15:03 of 1st period - Charlie Coyle wins face-off versus Nicklas Backstrom in BOISE CARIBOUS zone. 15:44 of 1st period - Shot by Jean-Gabriel Pageau. 15:44 of 1st period - Shot Blocked by Alex Pietrangelo. 15:46 of 1st period - Shot by Moritz Seider. 15:46 of 1st period - Stopped by Martin Jones without a rebound. 15:47 of 1st period - Brock Nelson wins face-off versus Tim Stutzle in LONG BEACH BARACUDAS zone. 16:42 of 1st period - Icing by Artturi Lehkonen. 16:43 of 1st period - Craig Smith wins face-off versus Tim Stutzle in BOISE CARIBOUS zone. 16:46 of 1st period - Shot by Craig Smith. 16:46 of 1st period - Stopped by Antti Raanta without a rebound. 16:47 of 1st period - William Karlsson wins face-off versus Charlie Coyle in BOISE CARIBOUS zone. 17:06 of 1st period - Icing by Alex Pietrangelo. 17:07 of 1st period - William Karlsson wins face-off versus Jean-Gabriel Pageau in LONG BEACH BARACUDAS zone. 17:22 of 1st period - Shot by Arthur Kaliyev. 17:22 of 1st period - Stopped by Antti Raanta with a rebound. 17:24 of 1st period - Shot by Ryan Murray. 17:24 of 1st period - Shot Misses the Net. 17:39 of 1st period - Arthur Kaliyev is hit by Oliver Kylington. 18:04 of 1st period - Shot by Nick Schmaltz. 18:04 of 1st period - Stopped by Martin Jones without a rebound. 18:05 of 1st period - Nicklas Backstrom wins face-off versus Andre Burakovsky in LONG BEACH BARACUDAS zone. 18:31 of 1st period - Off-side. 18:32 of 1st period - Taylor Hall wins face-off versus Jesperi Kotkaniemi in neutral zone. 18:56 of 1st period - Shot by Zach Parise. 18:56 of 1st period - Shot Misses the Net. 19:02 of 1st period - Shot by Zach Parise. 19:02 of 1st period - Stopped by Martin Jones with a rebound. 19:04 of 1st period - Shot by Jesperi Kotkaniemi. 19:04 of 1st period - Shot Blocked by Jared Spurgeon. 19:06 of 1st period - Shot by Chad Ruhwedel. 19:06 of 1st period - Stopped by Martin Jones without a rebound. 19:07 of 1st period - Nicklas Backstrom wins face-off versus Charlie Coyle in LONG BEACH BARACUDAS zone. 19:52 of 1st period - Andre Burakovsky is hit by Nicklas Backstrom and loses puck. 19:58 of 1st period - Off-side. 19:59 of 1st period - Brock Nelson wins face-off versus Stefan Noesen in neutral zone. Goals for this period are 1 for LONG BEACH BARACUDAS vs 0 for BOISE CARIBOUS. Shots for this period are 9 for LONG BEACH BARACUDAS vs 7 for BOISE CARIBOUS.